 Dungeon Crawl Stone Soup version 0.17.0-24-gcfadda4 (webtiles) character file.

628 trolloc1 the Cudgeler (level 7, -4/61 HPs)
             Began as a Minotaur Berserker on Nov 15, 2015.
             Was an Elder of Trog.
             Slain by an ogre
             ... wielding a +0 giant spiked club
              (26 damage)
             ... on level 5 of the Dungeon.
             The game lasted 00:12:27 (3675 turns).

trolloc1 the Cudgeler (Minotaur Berserker)          Turns: 3675, Time: 00:12:27

Health: -4/61      AC:  8    Str: 21    XL:     7   Next: 23%
Magic:  6/6        EV:  7    Int:  4    God:    Trog [****..]
Gold:   107        SH: 13    Dex: 12    Spells: 0 memorised, 6 levels left

rFire  . . .     SeeInvis .     n - +7 Screaming Sword
rCold  . . .     Clarity  .     t - +0 scale mail
rNeg   . . .     SustAt   +     e - +0 large shield
rPois  .         Gourm    .     b - +0 hat
rElec  .         Spirit   .     (no cloak)
rCorr  .         Warding  .     (no gloves)
rMut   .         Stasis   .     q - +0 pair of boots
MR     .....                    (no amulet)
Stlth  +.........               k - ring of sustain attributes
                                j - ring of stealth

@: not resistant to hostile enchantments, very unstealthy
A: retaliatory headbutt, horns 2
a: Berserk, Trog's Hand, Brothers in Arms, Burn Spellbooks, Renounce Religion


You were on level 5 of the Dungeon.
You worshipped Trog.
Trog was greatly pleased with you.
You were not hungry.

You visited 1 branch of the dungeon, and saw 5 of its levels.

You collected 211 gold pieces.
You spent 104 gold pieces at shops.

Inventory:

Hand Weapons
 f - a +4 mace
 n - the +7 Screaming Sword (weapon)
   (You found it on level 4 of the Dungeon)
Armour
 b - a +0 hat (worn)
 e - a +0 large shield (worn)
 q - a +0 pair of boots (worn)
 t - a +0 scale mail (worn)
Jewellery
 a - an uncursed ring of stealth
 j - a ring of stealth (left hand)
 k - a ring of sustain attributes (right hand)
 u - the ring of Ulunimitz {rF+ MR+ Str-3 Stlth+}
   (You found it on level 4 of the Dungeon)

   [ring of strength]

   It affects your strength (-3).
   It protects you from fire.
   It affects your resistance to hostile enchantments.
   It makes you more stealthy.
Scrolls
 d - a scroll of recharging
 o - a scroll of teleportation {unknown}
 s - 3 scrolls of fog {unknown}
 w - a scroll of enchant armour
 y - a scroll of acquirement {unknown}
Potions
 h - a potion of cure mutation
 i - 2 potions of haste
 l - 4 potions of curing
 r - a potion of agility {unknown}
 v - a potion of poison {unknown}
 A - a potion of flight {unknown}
Comestibles
 c - 2 bread rations
 g - 2 beef jerkies
 m - 3 fruits
 p - 2 meat rations
 x - 5 chunks of flesh
 z - a slice of pizza


   Skills:
 + Level 5.2 Fighting
 * Level 1.3 Long Blades
 - Level 6.8 Maces & Flails
 + Level 4.7 Armour
 + Level 4.1 Dodging
 + Level 1.9 Shields


You had 6 spell levels left.
You didn't know any spells.

Dungeon Overview and Level Annotations

Branches:
Dungeon (5/15)
 Temple: D:4-7

Altars:
Elyvilon
Sif Muna

Shops:
D:4 ?


Innate Abilities, Weirdness & Mutations

You reflexively headbutt those who attack you in melee.
You have a pair of horns on your head.


Message History

The ogre shouts!
A giant newt comes into view.
Found a stone staircase leading down.
Your shield prevents you from hitting the ogre.
The ogre hits you with a giant spiked club!
You hit the ogre.
The ogre is lightly wounded.
The ogre hits you with a giant spiked club!
The giant newt barely misses you.
The ogre hits you with a giant spiked club!
Your shield and scale mail prevent you from hitting the ogre.
The ogre is lightly wounded.
The giant newt bites you but does no damage.
You block the ogre's attack.
The giant newt bites you but does no damage.
You slash the ogre!
The ogre is heavily wounded.
You block the giant newt's attack.
The ogre hits you with a giant spiked club!!
You die...

#...### ###.##
##.### .
##...### ..
#..#...### ...
#..###...###
.... #..#
###...### .....
##.##
###...###......
##..#
###..@O......
#...#
###.l#.....
#...# ##..# .>.
....## #.# .
.....# ..#
.....# ..#
#.#### .. ..#
..# ..#


You could see an ogre and a giant newt.

Vanquished Creatures
  A centaur (D:5)
  A big kobold (D:4)
  2 scorpions (D:4)
  A crimson imp (D:3)
  A hound (D:4)
  A centaur skeleton (D:4)
  An iguana (D:4)
  Ijyb (D:2)
  2 worker ants
  5 adders
  3 gnolls (D:3)
  2 adder skeletons
  2 worms (D:3)
  4 giant geckos
  An orc (D:3)
  A ball python (D:3)
  17 bats
  10 hobgoblins
  3 jackals (D:3)
  8 kobolds
  A ball python skeleton (D:4)
  5 giant cockroaches
  A giant gecko skeleton (D:4)
  4 giant newts
  10 goblins
  11 rats
  A fungus (D:4)
100 creatures vanquished.

Vanquished Creatures (others)
  A fungus (D:4)
1 creature vanquished.

Grand Total: 101 creatures vanquished

Notes
Turn   | Place    | Note
--------------------------------------------------------------
     0 | D:1      | trolloc1 the Minotaur Berserker began the quest for the Orb.
     0 | D:1      | Reached XP level 1. HP: 19/19 MP: 0/0
   333 | D:1      | Reached XP level 2. HP: 27/27 MP: 1/1
   336 | D:1      | Reached skill level 4 in Maces & Flails
   713 | D:1      | Reached XP level 3. HP: 33/33 MP: 2/2
   716 | D:1      | Reached ** piety under Trog
  1223 | D:2      | Reached skill level 5 in Maces & Flails
  1225 | D:2      | Reached XP level 4. HP: 37/40 MP: 3/3
  1272 | D:2      | Found a deep blue altar of Sif Muna.
  1478 | D:2      | Noticed Ijyb
  1489 | D:2      | Killed Ijyb
  1634 | D:2      | Found a white marble altar of Elyvilon.
  1661 | D:2      | Reached *** piety under Trog
  2097 | D:3      | Reached XP level 5. HP: 47/47 MP: 4/4
  2586 | D:4      | Reached skill level 6 in Maces & Flails
  2586 | D:4      | Reached XP level 6. HP: 49/55 MP: 5/5
  2593 | D:4      | Got a vibrating ivory ring
  2618 | D:4      | Identified the cursed ring of Ulunimitz {rF+ MR+ Str-3 Stlth+} (You found it on level 4 of the Dungeon)
  3053 | D:4      | Reached skill level 1 in Shields
  3064 | D:4      | Reached skill level 5 in Fighting
  3333 | D:4      | Found Efuf's Magic Scroll Emporium.
  3341 | D:4      | Bought a scroll of enchant armour for 82 gold pieces
  3341 | D:4      | Bought a scroll of identify for 22 gold pieces
  3402 | D:4      | Reached XP level 7. HP: 56/61 MP: 6/6
  3557 | D:5      | Entered Level 5 of the Dungeon
  3560 | D:5      | Reached **** piety under Trog
  3560 | D:5      | Reached skill level 1 in Long Blades
  3675 | D:5      | Slain by an ogre

Action                   |  1- 3 |  4- 6 |  7- 9 || total
-------------------------+-------+-------+-------++-------
Melee: Mace              |    77 |   127 |       ||   204
       Double sword      |       |     5 |    11 ||    16
Invok: Berserk           |       |     2 |       ||     2
       Burn Spellbooks   |       |     1 |       ||     1
       Trog's Hand       |       |     1 |       ||     1
  Use: Scroll            |       |     6 |       ||     6
  Eat: Chunk             |     1 |     9 |     1 ||    11
